 Dungeon Crawl Stone Soup version 0.21.1-1-g345015f (webtiles) character file.

5673 Mgcat the Ducker (level 10, -8/76 HPs)
             Began as a Gnoll Arcane Marksman on Feb 6, 2018.
             Was an Elder of Okawaru.
             Mangled by an orc warrior
             ... wielding a +0 glaive
              (18 damage)
             ... on level 8 of the Dungeon on Feb 7, 2018.
             The game lasted 00:45:28 (10562 turns).

Mgcat the Ducker (Gnoll Arcane Marksman)           Turns: 10562, Time: 00:45:29

Health: -8/76      AC: 13    Str: 13    XL:     10   Next: 75%
Magic:  14/19      EV: 21    Int: 22    God:    Okawaru [****..]
Gold:   744        SH:  0    Dex: 17    Spells: 7/21 levels left

rFire    . . .     SeeInvis .   a - +2 great sword (slice)
rCold    . . .     Gourm    .   (shield currently unavailable)
rNeg     . . .     Faith    .   y - +1 robe {MR+}
rPois    +         Spirit   .   l - +1 helmet
rElec    .         Reflect  .   U - +2 cloak {rPois}
rCorr    .         Harm     .   (no gloves)
MR       +....                  L - +2 pair of boots
Stlth    +++++.....             (no amulet)
HPRegen  0.22/turn              z - +5 ring of intelligence
MPRegen  0.16/turn              j - ring of wizardry {Wiz+, !d}

@: heroism
A: distributed training, fangs 1, strong nose
a: Heroism, Renounce Religion


You were on level 8 of the Dungeon.
You worshipped Okawaru.
Okawaru was greatly pleased with you.
You were hungry.

You visited 1 branch of the dungeon, and saw 8 of its levels.

You collected 744 gold pieces.

Inventory:

Hand Weapons
 a - a +2 great sword of slicing (weapon)
   (You found it on level 5 of the Dungeon)
 b - a +0 hunting sling
 O - a +3 whip of draining
   (You found it on level 5 of the Dungeon)
Missiles
 i - 265 stones
 n - 3 throwing nets {=f, !d}
 q - 166 arrows
 G - 29 bolts
 K - 37 sling bullets
 Y - a javelin (quivered)
Armour
 l - a +1 helmet (worn)
   (You found it on level 4 of the Dungeon)
 y - a +1 robe of magic resistance (worn)
   (You found it on level 2 of the Dungeon)
 L - a +2 pair of boots (worn)
   (You found it on level 5 of the Dungeon)
 U - a +2 cloak of poison resistance (worn)
   (You took it off Crazy Yiuf on level 7 of the Dungeon)
Magical Staves
 P - an uncursed staff of death {rN+}
   (You found it on level 5 of the Dungeon)
Jewellery
 j - a ring of wizardry (right hand) {Wiz+, !d}
   (You found it on level 1 of the Dungeon)
 k - an uncursed ring of positive energy {rN+}
   (You found it on level 1 of the Dungeon)
 z - a +5 ring of intelligence (left hand)
   (You found it on level 5 of the Dungeon)
 F - an uncursed ring of resist corrosion
   (You found it on level 4 of the Dungeon)
 J - an uncursed ring of flight {+Fly, !d}
   (You found it on level 5 of the Dungeon)
Wands
 d - a wand of random effects (36)
   (You took it off an orc on level 5 of the Dungeon)
 o - a wand of disintegration (21)
   (You found it on level 8 of the Dungeon)
 S - a wand of flame (27)
   (You took it off an orc wizard on level 6 of the Dungeon)
 T - a wand of paralysis (9)
   (You found it on level 7 of the Dungeon)
Scrolls
 g - 4 scrolls of identify
 m - 2 scrolls of remove curse
 s - a scroll of fog
 t - 4 scrolls of teleportation
 v - 4 scrolls of amnesia
 D - 2 scrolls of magic mapping {!r}
 E - 3 scrolls of blinking {!r}
 I - a scroll of enchant armour
 X - a scroll of random uselessness {unknown}
Potions
 e - 2 potions of berserk rage {!q}
 p - a potion of lignification {unknown}
 r - 2 potions of agility {unknown}
 u - 4 potions of invisibility
 w - 2 potions of curing
 x - a potion of flight {unknown}
 A - a potion of ambrosia {unknown}
 B - a potion of haste {unknown}
 C - a potion of resistance {unknown}
 H - a potion of might
 Q - a potion of brilliance {unknown}
Books
 c - a book of Debilitation
Miscellaneous
 N - a lightning rod (4/4)
   (You found it on level 5 of the Dungeon)
Comestibles
 f - 18 rations
 h - 7 chunks of flesh {@w0}


   Skills:
 + Level 6.1(11.1) Fighting
 + Level 5.4(10.4) Short Blades
 + Level 5.4(10.4) Long Blades
 + Level 5.4(10.4) Axes
 + Level 5.4(10.4) Maces & Flails
 + Level 5.4(10.4) Polearms
 + Level 5.4(10.4) Staves
 + Level 7.2(12.2) Slings
 + Level 5.4(10.4) Bows
 + Level 5.4(10.4) Crossbows
 + Level 5.4(10.4) Throwing
 + Level 5.4(10.4) Armour
 + Level 7.2(12.2) Dodging
 + Level 5.4(10.4) Stealth
 + Level 5.4(10.4) Shields
 + Level 5.4(10.4) Unarmed Combat
 + Level 6.2 Spellcasting
 + Level 4.5 Conjurations
 + Level 7.2 Hexes
 + Level 4.5 Charms
 + Level 4.5 Summonings
 + Level 4.5 Necromancy
 + Level 4.5 Translocations
 + Level 4.5 Transmutations
 + Level 4.5 Fire Magic
 + Level 4.5 Ice Magic
 + Level 4.5 Air Magic
 + Level 4.5 Earth Magic
 + Level 4.5 Poison Magic
 + Level 6.0 Invocations
 + Level 5.4 Evocations


You had 7 spell levels left.
You knew the following spells:

 Your Spells              Type           Power        Failure   Level  Hunger
a - Corona                Hex            #####..      1%          1    None
b - Slow                  Hex            #####...     1%          2    None
c - Portal Projectile     Hex/Tloc       ####..       1%          3    #......
d - Cause Fear            Hex            #####.....   1%          4    ###....
e - Leda's Liquefaction   Hex/Erth       ####......   3%          4    ###....


Dungeon Overview and Level Annotations

Branches:
Dungeon (8/15)
 Temple: D:4-7         Lair: D:8-11

Altars:
Hepliaklqana
Makhleb
Okawaru
Qazlal
The Shining One

Shops:
D:6 }

Annotations:
D:5 2 runed doors


Innate Abilities, Weirdness & Mutations

Your experience applies equally to all skills.
You have very sharp teeth.
Your uncanny sense of smell can sniff out nearby items.


Message History

Things that are here:
a mace; a chain mail
Found a stone staircase leading down.
C - a ruby potion You now have 733 gold pieces (gained 13).
g - 3 scrolls of identify (gained 1)
There is a stone staircase leading down here.
Things that are here:
a giant spiked club; an ogre skeleton
Things that are here:
a giant spiked club; an ogre skeleton You now have 744 gold pieces (gained 11).
q - 166 arrows (gained 26)
A crimson imp comes into view.
A crimson imp is nearby!
The crimson imp shouts!
You hear a shout!
The crimson imp misses you.
You slash the crimson imp!
The crimson imp is heavily wounded.
The crimson imp hits you but does no damage.
The crimson imp closely misses you.
You riposte.
You barely miss the crimson imp.
The crimson imp is heavily wounded.
You slash the crimson imp!
You kill the crimson imp!
Okawaru accepts your kill.
No target in view!
An orc and an orc wizard come into view.
The orc wizard gestures wildly while chanting.
The orc wizard blinks!
The orc moves out of view.
g - 4 scrolls of identify (gained 1)
An orc is nearby!
You are feeling hungry.
An orc comes into view. It is wielding a hand axe.
An ogre comes into view. It is wielding a giant spiked club.
An orc warrior and an orc wizard come into view.
The orc wizard barely misses you.
You riposte.
You barely miss the orc wizard.
The orc shouts!
You miss the orc wizard.
You hear a shout! x4
The orc wizard casts a spell at you. The magic dart hits you!
The orc wizard hits you but does no damage.
You slash the orc wizard!
You kill the orc wizard!
Okawaru accepts your kill. The orc hits you with a hand axe.
You completely miss the ogre. The ogre closely misses you.
You riposte.
You hit the ogre.
The ogre is moderately wounded.
The orc warrior misses you.
You barely miss the orc. The ogre closely misses you.
You riposte.
You barely miss the ogre.
The ogre is moderately wounded.
The orc completely misses you.
The orc warrior hits you from afar with a glaive.
The orc barely misses you.
You slice the orc!!
You kill the orc!
The orc warrior barely misses you. The ogre closely misses you.
You riposte.
You hit the ogre.
The ogre is heavily wounded.
The orc warrior hits you from afar with a glaive.
You slash the ogre!
You kill the ogre!
Okawaru accepts your kill.
You hear a shout!
The orc warrior hits you from afar with a glaive!!
You hit the orc wizard.
The orc wizard is heavily wounded.
The orc wizard closely misses you.
The orc warrior hits you from afar with a glaive!!
The orc wizard barely misses you.
An orc comes into view. It is wielding a hand axe.
You closely miss the orc wizard. Your bite misses the orc wizard.
The orc wizard is heavily wounded.
The orc wizard hits you but does no damage.
The orc warrior barely misses you.
Casting: Corona
Confirm with . or Enter, or press ? or * to list all spells.
The orc looks frightened! x2
The orc warrior resists with almost no effort.
The orc wizard looks frightened!
The orc wizard casts a spell.
The orc wizard blinks!
The orc warrior misses you.
Unknown command.
Unknown command.
You gain the combat prowess of a mighty hero.
The orc wizard mumbles some strange words.
The orc wizard blinks!
The orc wizard mumbles some strange words.
The orc wizard blinks!
The orc pleads, "Please don't kill me!"
You see here a hand axe.
The orc warrior hits you with a glaive!!
* * * LOW HITPOINT WARNING * * *
You hit the orc warrior but do no damage.
You bite the orc warrior, but do no damage.
The orc warrior hits you with a glaive!!
You die...

#### #### #..# #....
.#######..############..###.
...................o........
.#######..#######.)...####.
.. ##....# #)###......# ..
#..##.## #.# ......# .#
###.#....######)###......#
.###...#........@o..........#
.....###....##########......#
#.##......>..... ......#
#.##........#### o.....#
......####..#######
...................
........##..###...#.#
....................##
........##.#..........


You could see an orc warrior.

Vanquished Creatures
  A two-headed ogre (D:8)
  The ghost of Mirai the Slasher, a novice DsBe of Trog (D:8)
  A hippogriff (D:7)
  Eustachio (D:4)
  A spriggan (D:7)
  A yak (D:5)
  Menkaure (D:4)
  A water moccasin (D:7)
  3 orc warriors
  An ice beast (D:8)
  A phantom (D:4)
  2 sky beasts
  7 ogres
  3 centaurs
  A big kobold (D:6)
  4 bullfrogs
  A gnoll sergeant (D:6)
  A wyvern skeleton (D:8)
  3 scorpions
  A killer bee (D:5)
  The ghost of letownia3 the Conjurer, a weakling DsWz (D:3)
  5 crimson imps
  3 jellies
  3 bullfrog zombies
  A quasit (D:7)
  8 hounds
  Crazy Yiuf (D:7)
  2 bullfrog skeletons
  A gnoll shaman (D:6)
  An orc priest (D:7)
  2 centaur skeletons (D:4)
  Terence (D:2)
  An iguana (D:5)
  9 orc wizards
  6 worker ants
  A hound zombie (D:5)
  A worker ant zombie (D:7)
  8 adders
  10 gnolls (D:6)
  2 shadow imps (D:5)
  An ooze (D:3)
  An adder skeleton (D:4)
  3 worms
  2 dart slugs
  4 leopard geckos
  26 orcs
  5 ball pythons
  7 giant cockroaches
  13 goblins
  12 hobgoblins
  7 jackals
  18 kobolds
  4 quokkas
  5 bats
  6 frilled lizards
  A quokka skeleton (D:4)
  6 rats
  A fungus (D:2)
225 creatures vanquished.

Vanquished Creatures (others)
  An orc wizard (D:4)
  A plant (D:4)
2 creatures vanquished.

Grand Total: 227 creatures vanquished

Notes
Turn   | Place    | Note
-------+----------+-------------------------------------------
     0 | D:1      | Mgcat the Gnoll Arcane Marksman began the quest for the Orb.
     0 | D:1      | Reached XP level 1. HP: 17/17 MP: 4/4
    82 | D:1      | HP: 4/17 [jackal (2)]
    85 | D:1      | Reached XP level 2. HP: 4/23 MP: 5/5
   259 | D:1      | Learned a level 2 spell: Slow
   950 | D:1      | Reached XP level 3. HP: 28/28 MP: 5/7
  1312 | D:2      | Reached skill level 1 in Invocations
  1499 | D:2      | Reached skill level 1 in Short Blades
  1499 | D:2      | Reached skill level 1 in Long Blades
  1499 | D:2      | Reached skill level 1 in Axes
  1499 | D:2      | Reached skill level 1 in Maces & Flails
  1499 | D:2      | Reached skill level 1 in Polearms
  1499 | D:2      | Reached skill level 1 in Staves
  1499 | D:2      | Reached skill level 1 in Bows
  1499 | D:2      | Reached skill level 1 in Crossbows
  1499 | D:2      | Reached skill level 1 in Throwing
  1499 | D:2      | Reached skill level 1 in Armour
  1499 | D:2      | Reached skill level 1 in Stealth
  1499 | D:2      | Reached skill level 1 in Shields
  1499 | D:2      | Reached skill level 1 in Unarmed Combat
  1499 | D:2      | Reached skill level 1 in Evocations
  1509 | D:2      | Learned a level 3 spell: Portal Projectile
  1587 | D:2      | Reached XP level 4. HP: 33/34 MP: 8/8
  1813 | D:2      | Noticed Terence
  2125 | D:2      | Reached skill level 3 in Spellcasting
  2310 | D:3      | Reached skill level 1 in Conjurations
  2310 | D:3      | Reached skill level 1 in Charms
  2310 | D:3      | Reached skill level 1 in Summonings
  2310 | D:3      | Reached skill level 1 in Necromancy
  2310 | D:3      | Reached skill level 1 in Translocations
  2310 | D:3      | Reached skill level 1 in Transmutations
  2310 | D:3      | Reached skill level 1 in Fire Magic
  2310 | D:3      | Reached skill level 1 in Ice Magic
  2310 | D:3      | Reached skill level 1 in Air Magic
  2310 | D:3      | Reached skill level 1 in Earth Magic
  2310 | D:3      | Reached skill level 1 in Poison Magic
  2629 | D:3      | Noticed letownia3's ghost (weakling DsWz)
  2648 | D:3      | Killed letownia3's ghost
  2648 | D:3      | Reached XP level 5. HP: 18/40 MP: 2/9
  2840 | D:3      | Reached skill level 3 in Fighting
  3083 | D:4      | Noticed Eustachio
  3124 | D:4      | HP: 8/41 [white imp/puff of frost[Eustachio] (11)]
  3127 | D:4      | HP: 3/41 [Eustachio/rapier (3)]
  3128 | D:4      | Killed Eustachio
  3128 | D:4      | Reached skill level 5 in Slings
  3128 | D:4      | Reached skill level 5 in Dodging
  3128 | D:4      | Reached skill level 2 in Invocations
  3128 | D:4      | Reached XP level 6. HP: 4/47 MP: 6/11
  3420 | D:4      | Reached skill level 2 in Short Blades
  3420 | D:4      | Reached skill level 2 in Long Blades
  3420 | D:4      | Reached skill level 2 in Axes
  3420 | D:4      | Reached skill level 2 in Maces & Flails
  3420 | D:4      | Reached skill level 2 in Polearms
  3420 | D:4      | Reached skill level 2 in Staves
  3420 | D:4      | Reached skill level 2 in Bows
  3420 | D:4      | Reached skill level 2 in Crossbows
  3420 | D:4      | Reached skill level 2 in Throwing
  3420 | D:4      | Reached skill level 2 in Armour
  3420 | D:4      | Reached skill level 2 in Stealth
  3420 | D:4      | Reached skill level 2 in Shields
  3420 | D:4      | Reached skill level 2 in Unarmed Combat
  3420 | D:4      | Reached skill level 2 in Evocations
  3565 | D:4      | Noticed Menkaure
  3576 | D:4      | Killed Menkaure
  3576 | D:4      | Reached XP level 7. HP: 51/52 MP: 9/12
  3672 | D:4      | Reached skill level 2 in Conjurations
  3672 | D:4      | Reached skill level 2 in Charms
  3672 | D:4      | Reached skill level 2 in Summonings
  3672 | D:4      | Reached skill level 2 in Necromancy
  3672 | D:4      | Reached skill level 2 in Translocations
  3672 | D:4      | Reached skill level 2 in Transmutations
  3672 | D:4      | Reached skill level 2 in Fire Magic
  3672 | D:4      | Reached skill level 2 in Ice Magic
  3672 | D:4      | Reached skill level 2 in Air Magic
  3672 | D:4      | Reached skill level 2 in Earth Magic
  3672 | D:4      | Reached skill level 2 in Poison Magic
  3991 | D:4      | HP: 13/52 [orc wizard/dagger (3)]
  4507 | D:4      | Found a burning altar of Makhleb.
  4508 | D:4      | Found a glowing golden altar of the Shining One.
  4542 | D:4      | Found an iron altar of Okawaru.
  4550 | D:4      | Became a worshipper of Warmaster Okawaru
  4602 | D:4      | Reached skill level 3 in Invocations
  4607 | D:4      | Reached skill level 4 in Spellcasting
  5009 | D:2      | Killed Terence
  5009 | D:2      | Reached XP level 8. HP: 52/60 MP: 4/14
  5172 | D:5      | Entered Level 5 of the Dungeon
  5197 | D:5      | Reached skill level 6 in Hexes
  5225 | D:5      | Reached skill level 4 in Fighting
  5253 | D:5      | Reached skill level 3 in Short Blades
  5253 | D:5      | Reached skill level 3 in Long Blades
  5253 | D:5      | Reached skill level 3 in Axes
  5253 | D:5      | Reached skill level 3 in Maces & Flails
  5253 | D:5      | Reached skill level 3 in Polearms
  5253 | D:5      | Reached skill level 3 in Staves
  5253 | D:5      | Reached skill level 3 in Bows
  5253 | D:5      | Reached skill level 3 in Crossbows
  5253 | D:5      | Reached skill level 3 in Throwing
  5253 | D:5      | Reached skill level 3 in Armour
  5253 | D:5      | Reached skill level 3 in Stealth
  5253 | D:5      | Reached skill level 3 in Shields
  5253 | D:5      | Reached skill level 3 in Unarmed Combat
  5253 | D:5      | Reached skill level 3 in Evocations
  5349 | D:5      | Learned a level 4 spell: Cause Fear
  5354 | D:5      | Learned a level 4 spell: Leda's Liquefaction
  5554 | D:5      | Found a large runed door.
  5555 | D:5      | Found a large runed door.
  5769 | D:5      | Found a large runed door.
  5769 | D:5      | Found a large runed door.
  5964 | D:5      | Reached * piety under Okawaru
  5981 | D:5      | Noticed a yak
  6003 | D:5      | Killed a yak
  6178 | D:5      | Reached skill level 3 in Conjurations
  6178 | D:5      | Reached skill level 3 in Charms
  6178 | D:5      | Reached skill level 3 in Summonings
  6178 | D:5      | Reached skill level 3 in Necromancy
  6178 | D:5      | Reached skill level 3 in Translocations
  6178 | D:5      | Reached skill level 3 in Transmutations
  6178 | D:5      | Reached skill level 3 in Fire Magic
  6178 | D:5      | Reached skill level 3 in Ice Magic
  6178 | D:5      | Reached skill level 3 in Air Magic
  6178 | D:5      | Reached skill level 3 in Earth Magic
  6178 | D:5      | Reached skill level 3 in Poison Magic
  6178 | D:5      | Reached skill level 4 in Invocations
  6698 | D:5      | Reached skill level 6 in Slings
  6698 | D:5      | Reached skill level 6 in Dodging
  6698 | D:5      | Reached XP level 9. HP: 66/66 MP: 13/16
  7254 | D:6      | Found Romaat's Gadget Boutique.
  7448 | D:6      | Reached skill level 4 in Short Blades
  7448 | D:6      | Reached skill level 4 in Long Blades
  7448 | D:6      | Reached skill level 4 in Axes
  7448 | D:6      | Reached skill level 4 in Maces & Flails
  7448 | D:6      | Reached skill level 4 in Polearms
  7448 | D:6      | Reached skill level 4 in Staves
  7448 | D:6      | Reached skill level 4 in Bows
  7448 | D:6      | Reached skill level 4 in Crossbows
  7448 | D:6      | Reached skill level 4 in Throwing
  7448 | D:6      | Reached skill level 4 in Armour
  7448 | D:6      | Reached skill level 4 in Stealth
  7448 | D:6      | Reached skill level 4 in Shields
  7448 | D:6      | Reached skill level 4 in Unarmed Combat
  7448 | D:6      | Reached skill level 5 in Spellcasting
  7448 | D:6      | Reached skill level 4 in Evocations
  7489 | D:6      | Found an iron altar of Okawaru.
  7489 | D:6      | Found a hazy altar of Hepliaklqana.
  7489 | D:6      | Found a stormy altar of Qazlal.
  7721 | D:6      | Reached ** piety under Okawaru
  7786 | D:6      | HP: 12/67 [centaur/arrow (17)]
  8039 | D:6      | Reached skill level 5 in Fighting
  8859 | D:7      | Reached skill level 5 in Invocations
  9198 | D:7      | Reached XP level 10. HP: 72/74 MP: 18/18
  9480 | D:7      | Reached skill level 4 in Conjurations
  9480 | D:7      | Reached skill level 4 in Charms
  9480 | D:7      | Reached skill level 4 in Summonings
  9480 | D:7      | Reached skill level 4 in Necromancy
  9480 | D:7      | Reached skill level 4 in Translocations
  9480 | D:7      | Reached skill level 4 in Transmutations
  9480 | D:7      | Reached skill level 4 in Fire Magic
  9480 | D:7      | Reached skill level 4 in Ice Magic
  9480 | D:7      | Reached skill level 4 in Air Magic
  9480 | D:7      | Reached skill level 4 in Earth Magic
  9480 | D:7      | Reached skill level 4 in Poison Magic
  9580 | D:7      | Found a runed door.
  9655 | D:7      | Reached *** piety under Okawaru
 10030 | D:7      | Noticed Crazy Yiuf
 10035 | D:7      | Killed Crazy Yiuf
 10139 | D:7      | Reached skill level 5 in Short Blades
 10139 | D:7      | Reached skill level 5 in Long Blades
 10139 | D:7      | Reached skill level 5 in Axes
 10139 | D:7      | Reached skill level 5 in Maces & Flails
 10139 | D:7      | Reached skill level 5 in Polearms
 10139 | D:7      | Reached skill level 5 in Staves
 10139 | D:7      | Reached skill level 5 in Bows
 10139 | D:7      | Reached skill level 5 in Crossbows
 10139 | D:7      | Reached skill level 5 in Throwing
 10139 | D:7      | Reached skill level 5 in Armour
 10139 | D:7      | Reached skill level 5 in Stealth
 10139 | D:7      | Reached skill level 5 in Shields
 10139 | D:7      | Reached skill level 5 in Unarmed Combat
 10139 | D:7      | Reached skill level 5 in Evocations
 10261 | D:8      | Noticed a two-headed ogre
 10266 | D:8      | Reached skill level 7 in Hexes
 10339 | D:8      | Killed a two-headed ogre
 10339 | D:8      | Reached **** piety under Okawaru
 10339 | D:8      | Reached skill level 7 in Slings
 10339 | D:8      | Reached skill level 7 in Dodging
 10339 | D:8      | Reached skill level 6 in Spellcasting
 10365 | D:8      | Noticed Mirai's ghost (novice DsBe)
 10380 | D:8      | Reached skill level 6 in Fighting
 10381 | D:8      | Killed Mirai's ghost
 10445 | D:8      | Reached skill level 6 in Invocations
 10561 | D:8      | HP: 10/76 [orc warrior/glaive (19)]
 10562 | D:8      | Mangled by an orc warrior

Skill      XL: |  1  2  3  4  5  6  7  8  9 10 |
---------------+-------------------------------+-----
Invocations    | 1 2 3 4 5 6 |  6.0
Short Blades   | 1 2 3 4 5 |  5.4
Long Blades    | 1 2 3 4 5 |  5.4
Axes           | 1 2 3 4 5 |  5.4
Maces & Flails | 1 2 3 4 5 |  5.4
Polearms       | 1 2 3 4 5 |  5.4
Staves         | 1 2 3 4 5 |  5.4
Bows           | 1 2 3 4 5 |  5.4
Crossbows      | 1 2 3 4 5 |  5.4
Throwing       | 1 2 3 4 5 |  5.4
Armour         | 1 2 3 4 5 |  5.4
Stealth        | 1 2 3 4 5 |  5.4
Shields        | 1 2 3 4 5 |  5.4
Unarmed Combat | 1 2 3 4 5 |  5.4
Evocations     | 1 2 3 4 5 |  5.4
Spellcasting   | 3 4 5 6 |  6.2
Conjurations   | 1 2 3 4 |  4.5
Charms         | 1 2 3 4 |  4.5
Summonings     | 1 2 3 4 |  4.5
Necromancy     | 1 2 3 4 |  4.5
Translocations | 1 2 3 4 |  4.5
Transmutations | 1 2 3 4 |  4.5
Fire Magic     | 1 2 3 4 |  4.5
Ice Magic      | 1 2 3 4 |  4.5
Air Magic      | 1 2 3 4 |  4.5
Earth Magic    | 1 2 3 4 |  4.5
Poison Magic   | 1 2 3 4 |  4.5
Fighting       | 3 4 5 6 |  6.1
Slings         | 5 6 7 |  7.2
Dodging        | 5 6 7 |  7.2
Hexes          | 6 7 |  7.2

Action                   |  1- 3 |  4- 6 |  7- 9 | 10-12 || total
-------------------------+-------+-------+-------+-------++-------
Melee: Dagger            |    69 |       |       |       ||    69
       Bite              |     5 |     8 |    56 |    10 ||    79
       Short sword       |    23 |    87 |   120 |       ||   230
       Punch             |       |     2 |     7 |       ||     9
       Hand axe          |       |       |   170 |       ||   170
       Whip              |       |       |    54 |       ||    54
       Great sword       |       |       |   187 |    93 ||   280
 Fire: Hunting sling     |    63 |    65 |   107 |       ||   235
Throw: Javelin           |       |       |    20 |     3 ||    23
       Stone             |       |       |    17 |    13 ||    30
 Cast: Corona            |     9 |    10 |    44 |     7 ||    70
       Slow              |     9 |    12 |    49 |     7 ||    77
       Portal Projectile |       |       |     5 |       ||     5
       Leda's Liquefacti |       |       |     2 |       ||     2
       Cause Fear        |       |       |       |     3 ||     3
Invok: Heroism           |       |       |       |     5 ||     5
  Use: Scroll            |     4 |       |     9 |     2 ||    15
       Potion            |       |     1 |       |       ||     1
 Stab: Sleeping          |     1 |       |     9 |     1 ||    11
  Eat: Chunk             |     3 |     6 |    14 |     4 ||    27
       Ration            |       |       |     2 |       ||     2
Armor: Robe              |    13 |    18 |   119 |    23 ||   173
Dodge: Dodged            |    81 |    79 |   422 |   104 ||   686
       Rpst.: Great sword |       |       |    42 |    32 ||    74

Vault maps used:
D:1:      minmay_arrival_diagonal_passages
D:2:      interstate_on_off, st_stairs_3, minmay_gold_behind_fungi,
          minmay_heptomino_d4, uniq_terence
D:3:      first_ration
D:4:      cheibrodos_old_hovel, gammafunk_temple_overflow_pools,
          minmay_temple_entry_from_below_a, kennysheep_okawaru_gauntlet,
          uniq_menkaure, uniq_eustachio
D:5:      minmay_hollow_rounded_squares
D:6:      kennysheep_housing_project, gammafunk_temple_overflow_claw,
          serial_shops, nicolae_shop_crystal, minmay_fountain_box, minivault_14
D:7:      the_bakery, uniq_crazy_yiuf_cottage
D:8:      minmay_misc_feat_hallway

Table legend:
 A = Turns spent in this place as a percentage of turns spent in the entire game.
 B = Non-inter-level travel turns spent in this place as a percentage of non-inter-level travel turns spent in the entire game.
 C = Inter-level travel turns spent in this place as a percentage of turns spent in this place.
 D = Turns resting spent in this place as a percentage of non-inter-level travel turns spent in this place.
 E = Turns spent auto-exploring this place as a percentage of non-inter-level travel turns spent in this place.
 F = Non-inter-level travel turns spent in this place divided by the number of levels of this place that you've seen.
                   A       B       C       D       E      F
               +-------+-------+-------+-------+-------+----------------------
         Total | 100.0 | 100.0 |   3.5 |   4.0 |  72.0 | 1274.1
       Dungeon | 100.0 | 100.0 |   3.5 |   4.0 |  72.0 | 1274.1
               +-------+-------+-------+-------+-------+----------------------

Table legend:
 A = Kills in this place as a percentage of kills in entire the game.
 B = Kills by you in this place as a percentage of kills by you in the entire game.
 C = Kills by friends in this place as a percentage of kills by friends in the entire game.
 D = Other kills in this place as a percentage of other kills in the entire game.
 E = Experience gained in this place as a percentage of experience gained in the entire game.
 F = Experience gained in this place divided by the number of levels of this place that you have seen.
                   A       B       C       D       E      F
               +-------+-------+-------+-------+-------+----------------------
         Total | 100.0 | 100.0 |   N/A | 100.0 | 100.0 | 1013.1
       Dungeon | 100.0 | 100.0 |   N/A | 100.0 | 100.0 | 1013.1
               +-------+-------+-------+-------+-------+----------------------
